 Dungeon Crawl Stone Soup version 0.31-a0-845-g9abc20d24f (webtiles) character file.

Game seed: 5067612753655119797

2026 Kurtz the Cleaver (level 9, -5/61 HPs)
             Began as an Octopode Fighter on Oct 1, 2023.
             Was a Believer of Okawaru.
             Slain by an ogre
             ... wielding a +0 giant club
              (30 damage)
             ... on level 7 of the Dungeon.
             The game lasted 00:05:12 (6282 turns).

Kurtz the Cleaver (Octopode Fighter)                Turns: 6282, Time: 00:05:13

Health: -5/61      AC:  1    Str: 15    XL:     9   Next: 23%
Magic:  11/11      EV: 13    Int: 11    God:    Okawaru [**....]
Gold:   475        SH: 10    Dex: 15    Spells: 8/8 levels left

rFire   . . .        u - +2 war axe (venom)
rCold   . . .        b - +0 buckler
rNeg    . . .        (helmet restricted)
rPois   .            k - amulet of reflection
rElec   .            j - ring of flight
rCorr   .            (no ring)
SInv    .            (no ring)
Will    .....        (no ring)
Stlth   ++           (no ring)
HPRegen 0.30/turn    (no ring)
MPRegen 0.12/turn    (no ring)
                     (no ring)

%: reflection
@: flying
A: almost no armour, amphibious, 8 rings, camouflage 1, gelatinous body 1,
(nimble swimmer 1), tentacles
a: Renounce Religion, Heroism


You were on level 7 of the Dungeon.
You worshipped Okawaru.
Okawaru was pleased with you.
You visited 2 branches of the dungeon, and saw 8 of its levels.

You collected 475 gold pieces.

Inventory:

Hand Weapons
 u - a +2 war axe of venom (weapon)
Missiles
 a - 11 poisoned darts (quivered)
Armour
 b - a +0 buckler (worn)
Jewellery
 j - a ring of flight (left tentacle)
 k - an amulet of reflection (around mantle)
Wands
 r - a wand of light (13)
Scrolls
 f - 4 scrolls of identify {unknown}
 g - a scroll of acquirement {unknown}
 i - 4 scrolls of amnesia {unknown}
 l - 3 scrolls of revelation {unknown}
 p - 5 scrolls of teleportation {unknown}
 q - a scroll of vulnerability {unknown}
 s - a scroll of torment {unknown}
 t - 2 scrolls of brand weapon {unknown}
 v - 3 scrolls of noise {unknown}
Potions
 c - 2 potions of might
 d - 2 potions of curing
 e - a potion of enlightenment {unknown}
 h - 4 potions of degeneration {unknown}
 m - 3 potions of haste {unknown}
 n - a potion of brilliance {unknown}
 o - 3 potions of resistance {unknown}
 w - 2 potions of mutation {unknown}
 x - a potion of magic {unknown}
 z - a potion of attraction {unknown}
 A - a potion of heal wounds {unknown}
 B - a potion of berserk rage {unknown}


   Skills:
 * Level 5.3 Fighting
 * Level 10.6 Axes
 - Level 3.0 Dodging
 - Level 3.0 Shields
 * Level 3.4 Invocations


You had 8 spell levels left.
You didn't know any spells.
Your spell library contained the following spells:

 Spells                   Type           Power      Damage    Failure   Level
 Apportation              Tloc           0%         N/A       43%         1
 Kiss of Death            Conj/Necr      0%         2d5       43%         1
 Necrotise                Necr           0%         1d4       43%         1
 Scorch                   Fire           0%         2d5       56%         2
 Confusing Touch          Hex            0%         N/A       80%         3
 Dispel Undead            Necr           0%         3d6       99%         4
 Flame Wave               Conj/Fire      0%         2d4       99%         4
 Summon Small Mammal      Summ           Unusable   N/A       N/A         1
 Summon Cactus Giant      Summ           Unusable   N/A       N/A         6

Dungeon Overview and Level Annotations

Branches:
Dungeon (7/15)             Temple (1/1) D:5

Altars:
Ashenzari
Cheibriados
Dithmenos
Elyvilon
Fedhas
Makhleb
Nemelex Xobeh
Okawaru
Qazlal
Ru
Sif Muna
Trog
Uskayaw
Vehumet
Wu Jian
Xom
Yredelemnul
The Shining One

Annotations:
D:4 2 runed translucent doors, Kurtz's ghost, amateur OpFi
D:5 2 runed translucent doors, gribnar's ghost, novice OpSh
D:6 1 runed translucent door, Crazy Yiuf


Innate Abilities, Weirdness & Mutations

You cannot wear most types of armour.
You are amphibious.
You can wear up to eight rings at the same time.
Your skin changes colour to match your surroundings (Stealth+).
Your rubbery body absorbs attacks. (AC +1, EV +1)
((You are camouflaged when in or above water. (Stealth+)))
You have tentacles for arms and can constrict up to eight enemies at once.


Message History

Throw: 16 darts (poison)
Press: ? - help, Q - select action, (/) - cycle Shift-Dir - straight line, f - ogre
Aim: an ogre, wielding a +0 giant club (73% to hit)
You throw a poisoned dart. The poisoned dart hits the ogre.
The ogre is poisoned.
Unknown command.
Throw: 15 darts (poison)
Press: ? - help, Q - select action, (/) - cycle Shift-Dir - straight line, f/p - ogre
Aim: an ogre, wielding a +0 giant club (lightly wounded, poisoned, 73% to hit)
You throw a poisoned dart.
The poisoned dart barely misses the ogre.
Unknown command.
Throw: 14 darts (poison)
Press: ? - help, Q - select action, (/) - cycle Shift-Dir - straight line, f/p - ogre
Aim: an ogre, wielding a +0 giant club (lightly wounded, poisoned, 73% to hit)
You throw a poisoned dart.
The poisoned dart barely misses the ogre.
Unknown command.
The ogre looks more healthy.
Items here: )) [ †.
Throw: 13 darts (poison)
Press: ? - help, Q - select action, (/) - cycle Shift-Dir - straight line, f/p - ogre
Aim: an ogre, wielding a +0 giant club (lightly wounded, 73% to hit)
You throw a poisoned dart. The poisoned dart hits the ogre.
The ogre is poisoned.
The ogre is lightly wounded.
Throw: 12 darts (poison)
Press: ? - help, Q - select action, (/) - cycle Shift-Dir - straight line, f/p - ogre
Aim: an ogre, wielding a +0 giant club (lightly wounded, poisoned, 73% to hit)
You throw a poisoned dart. The poisoned dart hits the ogre.
The ogre looks even sicker.
The ogre is lightly wounded.
You barely miss the ogre.
The ogre is moderately wounded.
The ogre hits you with a +0 giant club!!!
Ouch! That really hurt!
You slash the ogre!
The ogre looks as sick as possible!
You squeeze the ogre.
The ogre is almost dead.
The ogre hits you with a +0 giant club!!
You die...

# .. . # ##O# .## ## ... ..# .#
.#####.##.# .## ..o.....#.# ..#
#######.#.# ..# ##'.#
..############################)#
#...............@O((.....).((..#
##.....#.........###############
#######...^.....# ###########


You could see an ogre (extremely poisoned).

Vanquished Creatures
  Menkaure (D:5)
  2 orc warriors (D:7)
  3 black bears
  2 ice beasts
  An ogre (D:5)
  3 phantoms
  A kobold brigand (D:6)
  A bullfrog (D:7)
  3 scorpions
  2 jellies
  6 hounds
  2 orc priests
  2 iguanas
  A sleepcap (D:4)
  5 orc wizards
  3 gnolls (D:4)
  2 adders
  A white imp (D:7)
  3 ufetubi
  4 worms
  A dart slug (D:1)
  11 orcs
  10 endoplasms
  3 giant cockroaches
  9 goblins
  6 hobgoblins
  4 jackals
  5 quokkas
  3 ball pythons
  2 bats (D:2)
  14 kobolds
  8 rats
124 creatures vanquished.

Notes
Turn   | Place    | Note
-------+----------+-------------------------------------------
     0 | D:1      | Kurtz the Octopode Fighter began the quest for the Orb.
     0 | D:1      | Reached XP level 1. HP: 16/16 MP: 1/1
   291 | D:1      | Reached XP level 2. HP: 20/21 MP: 2/2
   545 | D:1      | Reached skill level 3 in Axes
   720 | D:2      | Reached XP level 3. HP: 22/26 MP: 3/3
   964 | D:2      | Found a faded altar of an unknown god.
  1466 | D:3      | Reached skill level 4 in Axes
  1646 | D:3      | Reached XP level 4. HP: 29/31 MP: 4/4
  1864 | D:3      | Found a bloodstained altar of Trog.
  1947 | D:3      | Found a basalt altar of Yredelemnul.
  1947 | D:3      | You are sucked into a shaft and drop 3 floors!
  1968 | D:6      | Noticed a kobold brigand
  1973 | D:5      | Entered Level 5 of the Dungeon
  1976 | D:5      | Reached skill level 5 in Axes
  1976 | D:5      | Reached XP level 5. HP: 23/36 MP: 5/5
  2082 | D:5      | Found a stormy altar of Qazlal.
  2106 | D:5      | Noticed an ice beast
  2229 | D:5      | Found a runed translucent door.
  2233 | D:5      | Noticed gribnar's ghost (novice OpSh)
  2272 | D:5      | Found a staircase to the Ecumenical Temple.
  2280 | D:5      | Noticed an ogre
  2287 | D:5      | Killed an ogre
  2288 | D:5      | Reached skill level 6 in Axes
  2288 | D:5      | Reached XP level 6. HP: 42/42 MP: 6/6
  2294 | Temple   | Entered the Ecumenical Temple
  2325 | Temple   | Became a worshipper of Warmaster Okawaru
  2389 | D:5      | Noticed a black bear
  2391 | D:5      | Noticed Menkaure
  2400 | D:5      | Killed a black bear
  2403 | D:5      | Reached skill level 7 in Axes
  2403 | D:5      | Reached XP level 7. HP: 26/46 MP: 7/7
  2405 | D:5      | Killed Menkaure
  2405 | D:5      | Reached * piety under Okawaru
  2406 | D:5      | Reached skill level 1 in Invocations
  2900 | D:4      | Found a large runed translucent door.
  2902 | D:4      | Found a large runed translucent door.
  2997 | D:4      | Reached skill level 8 in Axes
  3532 | D:4      | Reached XP level 8. HP: 54/54 MP: 9/9
  3674 | D:4      | Noticed Kurtz's ghost (amateur OpFi)
  3730 | D:5      | Found a runed translucent door.
  3758 | D:5      | Reached ** piety under Okawaru
  4085 | D:5      | Found a sparkling altar of Nemelex Xobeh.
  4645 | D:6      | Reached skill level 9 in Axes
  5416 | D:6      | Found a runed translucent door.
  5417 | D:6      | Noticed Crazy Yiuf
  5483 | D:6      | Found a faded altar of an unknown god.
  5483 | D:6      | Found a burning altar of Makhleb.
  5490 | D:6      | Found a hide-covered altar of Uskayaw.
  5492 | D:6      | Found a faded altar of an unknown god.
  5494 | D:6      | Found a glowing golden altar of the Shining One.
  5875 | D:7      | Reached skill level 10 in Axes
  5897 | D:7      | Reached skill level 5 in Fighting
  5897 | D:7      | Reached XP level 9. HP: 59/61 MP: 11/11
  6282 | D:7      | Slain by an ogre

Illustrated notes

Levels and vault maps discovered:
D:1:      co_arrival_hexagon_in_a_hexagon, layout_rooms, roderic_lattice_a
D:2:      layout_basic, hellmonk_ecumenical_altar_dog_temple
D:3:      layout_loops_ring, yredelemnul_altar_generic,
          mainiacjoe_overflow_six_doors_small, hangedman_decor_growths
D:4:      layout_basic, ebering_ghost_disaster_area
D:5:      layout_basic, lemuel_coloured_pillars_altar,
          mainiacjoe_overflow_small_starburst, minmay_temple_entry_offerings,
          ebering_ghost_sewer_f, minmay_holes, uniq_menkaure
D:6:      layout_basic, chequers_temple_overflow_minitemple,
          uniq_crazy_yiuf_cottage
D:7:      minmay_the_grid_triangle_9x9_rhombus_full
          [minmay_the_grid_triangle_9x9_intruding_spiral,
          minmay_the_grid_triangle_9x9_negative_grid,
          minmay_the_grid_triangle_9x9_steps,
          minmay_the_grid_triangle_9x9_shrine,
          minmay_the_grid_triangle_9x9_impossible_snake,
          minmay_the_grid_triangle_9x9_zippers_vertical,
          minmay_the_grid_triangle_9x9_longest,
          minmay_the_grid_triangle_9x9_prize_insulated], layout_rooms,
          uniq_joseph
Temple:   bh_familiar_temple

Skill      XL: |  1  2  3  4  5  6  7  8 |
---------------+-------------------------+-----
Axes           | 3 4 5 6 7 8 10 | 10.6
Invocations    | 1 3 |  3.4
Fighting       | 5 |  5.3
Dodging        | |  3.0
Shields        | |  3.0

Action                     |  1- 3 |  4- 6 |  7- 9 || total
---------------------------+-------+-------+-------++-------
  Melee: War axe           |    71 |    39 |   139 ||   249
         Tentacles         |    12 |     8 |    38 ||    58
         Constrict         |    21 |    12 |    25 ||    58
         Punch             |     1 |     2 |     4 ||     7
  Throw: Dart              |       |       |    11 ||    11
 Invoke: Heroism           |       |       |     1 ||     1
  Evoke: Wand              |       |     2 |     1 ||     3
    Use: Potion            |       |     1 |     1 ||     2
   Stab: Sleeping          |    10 |     3 |     2 ||    15
 Armour: Skin              |    20 |    28 |    45 ||    93
  Dodge: Dodged            |    29 |    21 |    51 ||   101
  Block: Buckler           |    24 |    25 |    46 ||    95
         Reflection        |       |     1 |     1 ||     2

Table legend: (Time is in decaauts)
 A = Elapsed time spent in this place.
 B = Non-inter-level travel time spent in this place.
 C = Inter-level travel time spent in this place.
 D = Time resting spent in this place.
 E = Time spent auto-exploring this place.
 F = Levels seen in this place.
 G = Mean time per level.
                   A        B        C        D        E       F      G
               +--------+--------+--------+--------+--------+-----+--------+
         Total |   6337 |   5807 |    530 |    770 |   4094 |   8 |  792.1 |
       Dungeon |   6276 |   5804 |    472 |    770 |   4094 |   7 |  896.6 |
        Temple |     60 |      2 |     58 |      0 |      0 |   1 |   60.0 |
               +--------+--------+--------+--------+--------+-----+--------+

Top non-repeatable levels by time:
     D:4: 1213 daAuts
     D:5: 1174 daAuts
     D:6: 1126 daAuts
     D:2: 918 daAuts
     D:3: 821 daAuts
     D:1: 602 daAuts
     D:7: 419 daAuts
  Temple: 60 daAuts
